 Dungeon Crawl Stone Soup version 0.29-a0-559-g359e09b9d1 (webtiles) character file.

Game seed: 8739942562085630434

42 Ashiichan the Sneak (level 3, 0/18 HPs)
             Began as a Spriggan Brigand on June 10, 2022.
             Frozen to death by an endoplasm (2 damage)
             ... on level 2 of the Dungeon.
             The game lasted 00:05:10 (1658 turns).

Ashiichan the Sneak (Spriggan Brigand)              Turns: 1658, Time: 00:05:11

Health: 0/18       AC:  3    Str:  7    XL:     3   Next: 35%
Magic:  1/1        EV: 17    Int: 14    God:
Gold:   92         SH:  0    Dex: 16    Spells: 2/2 levels left

rFire   . . .      SeeInvis +   m - +2 spear (antimagic)
rCold   . . .      Faith    .   (no shield)
rNeg    . . .      Spirit   .   b - +0 robe
rPois   .          Reflect  .   (helmet restricted)
rElec   .          Harm     .   c - +0 cloak
rCorr   .          Rampage  .   (gloves unavailable)
Will    .....                   (boots unavailable)
Stlth   +++.......              (no amulet)
HPRegen 0.06/turn               (no ring)
MPRegen 0.07/turn               (no ring)

@: very quick
A: very small, no large weapons, unfitting armour, see invisible, speed 3
a: no special abilities


You were on level 2 of the Dungeon.
You visited 1 branch of the dungeon, and saw 2 of its levels.

You collected 92 gold pieces.

Inventory:

Hand Weapons
 a - a +2 dagger
 m - a +2 antimagic spear (weapon)
Missiles
 d - 14 poisoned darts (quivered)
 e - 3 curare-tipped darts
Armour
 b - a +0 robe (worn)
 c - a +0 cloak (worn)
Jewellery
 f - a ring of protection from fire
 h - a ring of ice
Scrolls
 g - 2 scrolls of identify {unknown}
 j - a scroll of enchant armour {unknown}
 l - a scroll of magic mapping {unknown}
Potions
 i - a potion of might {unknown}
 k - a potion of curing {unknown}


   Skills:
 + Level 2.1 Fighting
 - Level 2.8 Short Blades
 - Level 2.0 Throwing
 + Level 2.4 Dodging
 + Level 6.4 Stealth


You had 2 spell levels left.
You didn't know any spells.
Your spell library was empty.

Dungeon Overview and Level Annotations

Branches:
Dungeon (2/15)

Altars:


Innate Abilities, Weirdness & Mutations

You are very small and have problems with some larger weapons.
You are too small for most types of armour.
You have supernaturally acute eyesight. (SInv)
You cover ground extremely quickly. (Speed+++)


Message History

You hit the adder.
The adder is lightly wounded.
The adder bites you but does no damage.
You hit the adder.
The adder is moderately wounded.
The adder barely misses you. x2
The adder misses you.
An endoplasm comes into view.
The adder misses you.
The endoplasm quivers.
The adder barely misses you. The adder completely misses you.
You see here a bubbling pink potion.
You puncture the adder!
The adder is almost dead.
The adder misses you. The adder closely misses you.
You hit the endoplasm.
The endoplasm is almost dead.
The adder bites you.
You are poisoned.
The adder poisons you! The endoplasm freezes you.
You are frozen.
The adder closely misses you.
You feel sick. The endoplasm freezes you.
You are frozen.
You feel sick. The endoplasm freezes you.
You are frozen.
* * * LOW HITPOINT WARNING * * *
You feel sick.
You closely miss the adder.
The adder is almost dead.
You feel sick.
You are no longer poisoned.
The adder closely misses you. The endoplasm freezes you.
You are frozen.
You die...

####### .....
##+####.###############
#......................
#.......###############
+....S..######
#....J@.......
#.###......#######
#.......!...#
###########.# ... .....
......# ....... ######
....##. ......


You could see an adder and an endoplasm.

Vanquished Creatures
  2 dart slugs (D:1)
  3 ball pythons (D:1)
  A bat (D:1)
  4 endoplasms (D:1)
  2 giant cockroaches (D:1)
  2 goblins (D:1)
  3 hobgoblins (D:1)
  2 jackals (D:1)
  5 quokkas
  3 frilled lizards (D:1)
  3 kobolds (D:1)
  2 rats (D:1)
32 creatures vanquished.

Notes
Turn   | Place    | Note
-------+----------+-------------------------------------------
     0 | D:1      | Ashiichan the Spriggan Brigand began the quest for the Orb.
     0 | D:1      | Reached XP level 1. HP: 10/10 MP: 2/2
    96 | D:1      | Reached skill level 6 in Stealth
   114 | D:1      | Reached XP level 2. HP: 13/15 MP: 3/3
   942 | D:1      | Reached XP level 3. HP: 11/18 MP: 4/4
  1658 | D:2      | Frozen to death by an endoplasm

Illustrated notes

Levels and vault maps discovered:
D:1:      dpeg_arrival_arbitrary_b, layout_loops_corners
D:2:      layout_basic, kennysheep_decorative_pillar

Skill      XL: |  1  2 |
---------------+-------+-----
Stealth        | 6 |  6.4
Dodging        | 2 |  2.4
Fighting       | 2 |  2.1
Short Blades   | |  2.8
Throwing       | |  2.0

Action                   || total
-------------------------++-------
Melee: Dagger            ||    82
       Spear             ||     5
 Stab: Sleeping          ||    13
Armor: Robe              ||     5
Dodge: Dodged            ||    57

Table legend: (Time is in decaauts)
 A = Elapsed time spent in this place.
 B = Non-inter-level travel time spent in this place.
 C = Inter-level travel time spent in this place.
 D = Time resting spent in this place.
 E = Time spent auto-exploring this place.
 F = Levels seen in this place.
 G = Mean time per level.
                   A        B        C        D        E       F      G
               +--------+--------+--------+--------+--------+-----+--------+
         Total |   1221 |   1221 |      0 |    198 |    720 |   2 |  610.5 |
       Dungeon |   1221 |   1221 |      0 |    198 |    720 |   2 |  610.5 |
               +--------+--------+--------+--------+--------+-----+--------+

Top non-repeatable levels by time:
     D:1: 1084 daAuts
     D:2: 136 daAuts
